 Dungeon Crawl Stone Soup version 0.31-a0-233-g139696d (webtiles) character file.

Game seed: 6185132117375311426

1429188 bloodbathe the Ninja (level 27, 100/168 HPs)
             Began as a Spriggan Hexslinger on July 8, 2023.
             Was a High Priest of Elyvilon.
             Escaped with the Orb
             ... and 3 runes on July 9, 2023!
             The game lasted 05:37:15 (104082 turns).

bloodbathe the Ninja (Spriggan Hexslinger)        Turns: 104082, Time: 05:37:15

Health: 100/168    AC: 18    Str:  4    XL:     27
Magic:  39/39      EV: 50    Int: 19    God:    Elyvilon [*****.]
Gold:   4667       SH:  0    Dex: 26    Spells: 18/58 levels left

rFire   + + .        b - +9 arbalest (freeze)
rCold   + . .        (shield currently unavailable)
rNeg    + + +        O - +2 robe {rC+ rF+}
rPois   .            T - +2 hat {Int+3}
rElec   .            V - +2 cloak {Will+}
rCorr   .            (gloves unavailable)
SInv    +            (boots unavailable)
Will    +++++        S - amulet of Lagolot {RegenMP rN+++ Regen+ Int-4 Dex+2}
Stlth   ++++         B - +4 ring of protection
HPRegen 1.28/turn    Y - ring of Birdsong {Contam rF+ AC+4 Dex+2}
MPRegen 0.66/turn

%: clarity
@: studying 4 skills, very quick
A: very small, no large weapons, unfitting armour, see invisible, speed 3,
clarity, dopey 2, low MP 1, sense surroundings 1, robust 1, no potion heal 1,
subdued magic 1, inability to read after injury 1, devolution 1
0: Orb of Zot
}: 3/15 runes: barnacled, silver, gossamer
a: Renounce Religion, Purification, Heal Other, Heal Self, Divine Vigour


You escaped.
You worshipped Elyvilon.
Elyvilon was extremely pleased with you.
You visited 11 branches of the dungeon, and saw 51 of its levels.
You visited the Abyss 3 times.
You also visited: Sewer, Ice Cave and Desolation.

You collected 7054 gold pieces.
You spent 2387 gold pieces at shops.

Inventory:

Hand Weapons
 a - the +8 arc blade {discharge, rElec}
   (You took it off a servant of whispers in the Desolation of Salt)

   rElec:     It insulates you from electricity.
 b - a +9 arbalest of freezing (weapon)
Missiles
 i - 15 throwing nets
Armour
 s - a +2 cloak of poison resistance
 v - a +3 buckler of protection
 O - a +2 robe of resistance (worn)
 T - a +2 hat of intelligence (worn)
 V - a +2 cloak of willpower (worn)
Magical Staves
 k - a staff of air
Jewellery
 x - a ring of willpower
 A - a ring of protection from fire
 B - a +4 ring of protection (left hand)
 I - the ring of Sin {Wiz Will+ rCorr Str-5}
   (You found it on level 2 of the Vaults)

   [ring of wizardry]

   It improves your spell success rate.
   Str:       It affects your strength (-5).
   rCorr:     It protects you from acid and corrosion.
   Will:      It increases your willpower.
 L - the amulet of Doubts {RegenMP Dex+4 Slay+3}
   (You found it on level 5 of the Lair of Beasts)

   [amulet of magic regeneration]

   It increases your rate of magic regeneration.
   Dex:       It affects your dexterity (+4).
   Slay:      It affects your accuracy & damage with ranged weapons and melee
   (+3).
 M - a ring of resist corrosion
 N - a +6 ring of strength
 S - the amulet of Lagolot (around neck) {RegenMP rN+++ Regen+ Int-4 Dex+2}
   (You took it off a deep elf blademaster on level 3 of the Elven Halls)

   [amulet of magic regeneration]

   It increases your rate of magic regeneration.
   Int:       It affects your intelligence (-4).
   Dex:       It affects your dexterity (+2).
   rN:        It renders you almost immune to negative energy.
   Regen:     It increases your rate of health regeneration.
 U - the amulet of the Air {Inacc Air Fly rElec RMsl}
   (You bought it in a shop on level 6 of the Dungeon)

   [amulet of nothing]

   Inacc:     It reduces the accuracy of your attacks and spells.
   Air:       It enhances your air magic.
   rElec:     It insulates you from electricity.
   Fly:       It grants you flight.
   RMsl:      It protects you from missiles.
 W - the ring "Xubuxos" {Will+ Dex+2}
   (You took it off a frost giant on level 5 of the Vaults)

   [ring of willpower]

   Dex:       It affects your dexterity (+2).
   Will:      It increases your willpower.
 Y - the ring of Birdsong (right hand) {Contam rF+ AC+4 Dex+2}
   (You took it off a servant of whispers in the Desolation of Salt)

   [ring of protection]

   AC:        It affects your AC (+4).
   Dex:       It affects your dexterity (+2).
   rF:        It protects you from fire.
   Contam:    It causes magical contamination when unequipped.
Wands
 o - a wand of iceblast (45)
 q - a wand of mindburst (16)
 u - a wand of flame (152)
 G - a wand of charming (41)
 Q - a wand of light (30)
 R - a wand of digging (4)
 X - a wand of polymorph (12)
Scrolls
 c - a scroll of brand weapon
 d - 7 scrolls of poison
 h - 11 scrolls of teleportation
 j - 5 scrolls of enchant weapon
 l - 3 scrolls of revelation
 r - 12 scrolls of fear
 y - 5 scrolls of enchant armour
 D - 40 scrolls of identify
 H - 4 scrolls of butterflies
 P - 4 scrolls of fog
Potions
 e - 6 potions of heal wounds
 f - 2 potions of haste
 g - 3 potions of magic
 m - 8 potions of might
 n - 18 potions of curing
 t - 5 potions of berserk rage
 z - 9 potions of brilliance
 C - 9 potions of ambrosia
 F - 7 potions of enlightenment
 J - 3 potions of resistance
 K - 2 potions of cancellation
 Z - a potion of invisibility


   Skills:
 * Level 18.4 Fighting
 - Level 15.0 Short Blades
 + Level 19.3 Ranged Weapons
 + Level 10.8 Armour
 O Level 27 Dodging
 O Level 27 Stealth
 - Level 16.0 Spellcasting
 - Level 5.0 Conjurations
 - Level 13.0 Hexes
 - Level 21.0 Translocations
 - Level 6.3 Fire Magic
 - Level 3.0 Ice Magic
 - Level 15.0 Invocations


You had 18 spell levels left.
You knew the following spells:

 Your Spells              Type           Power      Damage    Failure   Level
a - Fulminant Prism       Conj/Hex       19%        3d11      1%          4
b - Inner Flame           Hex/Fire       39%        N/A       1%          3
c - Portal Projectile     Hex/Tloc       100%       N/A       0%          3
d - Cause Fear            Hex            24%        N/A       1%          4
e - Metabolic Englaciati  Hex/Ice        17%        N/A       3%          5
f - Dispersal             Tloc           32%        N/A       1%          6
g - Disjunction           Tloc           32%        N/A       3%          8
h - Apportation           Tloc           100%       N/A       0%          1
i - Slow                  Hex            100%       N/A       0%          1
j - Volatile Blastmotes   Fire/Tloc      100%       2d18      1%          3
y - Blink                 Tloc           100%       N/A       0%          2

Your spell library contained the following spells:

 Spells                   Type           Power      Damage    Failure   Level
 Lesser Beckoning         Tloc           100%       N/A       0%          2
 Momentum Strike          Conj/Tloc      98%        3d10      0%          2
 Gell's Gravitas          Tloc           64%        N/A       0%          3
 Teleport Other           Tloc           64%        N/A       0%          3
 Manifold Assault         Tloc           64%        N/A       0%          4
 Foxfire                  Conj/Fire      100%       2x1d9     1%          1
 Kiss of Death            Conj/Necr      76%        2d11      1%          1
 Ensorcelled Hibernation  Hex/Ice        70%        N/A       1%          2
 Searing Ray              Conj           52%        2d6       1%          2
 Static Discharge         Conj/Air       38%        2-4/arc   1%          2
 Dazzling Flash           Conj/Hex       76%        N/A       1%          3
 Hailstorm                Conj/Ice       23%        3d7       1%          3
 Vhi's Electric Charge    Tloc/Air       84%        N/A       1%          3
 Anguish                  Hex/Necr       15%        N/A       1%          4
 Iskenderun's Mystic Bla  Conj/Tloc      49%        2d11      1%          4
 Leda's Liquefaction      Hex/Erth       15%        N/A       1%          4
 Summon Forest            Summ/Tloc      21%        N/A       1%          5
 Frozen Ramparts          Ice            40%        1d7       2%          3
 Beastly Appendage        Tmut           22%        N/A       3%          1
 Necrotise                Necr           44%        1d6       3%          1
 Sandblast                Erth           22%        2d7       3%          1
 Summon Small Mammal      Summ           44%        N/A       3%          1
 Stone Arrow              Conj/Erth      38%        3d9       3%          3
 Flame Wave               Conj/Fire      28%        2d9       3%          4
 Passwall                 Tmut/Erth      9%         N/A       4%          2
 Poisonous Vapours        Pois/Air       22%        N/A       4%          2
 Sublimation of Blood     Necr           11%        N/A       4%          2
 Wereblood                Tmut           11%        N/A       4%          2
 Mephitic Cloud           Conj/Pois/Air  16%        N/A       4%          3
 Silence                  Hex/Air        15%        N/A       6%          5
 Summon Mana Viper        Hex/Summ       30%        N/A       6%          5
 Yara's Violent Unravell  Hex/Tmut       15%        3d8       6%          5
 Call Canine Familiar     Summ           11%        N/A       10%         3
 Spider Form              Tmut/Pois      11%        N/A       10%         3
 Iskenderun's Battlesphe  Conj           26%        2d8       12%         5
 Enfeeble                 Hex            24%        N/A       13%         7
 Ice Form                 Ice/Tmut       16%        N/A       19%         4
 Summon Ice Beast         Ice/Summ       16%        N/A       19%         4
 Airstrike                Air            5%         2d(1-17)  32%         4
 Olgreb's Toxic Radiance  Pois           11%        N/A       32%         4
 Petrify                  Tmut/Erth      11%        N/A       32%         4
 Summon Lightning Spire   Summ/Air       11%        N/A       32%         4
 Arcjolt                  Conj/Air       9%         1d19      32%         5
 Freezing Cloud           Conj/Ice/Air   9%         6-21      32%         5
 Irradiate                Conj/Tmut      9%         3d14      32%         5
 Agony                    Necr           11%        N/A       69%         5
 Lee's Rapid Deconstruct  Erth           5%         3d6*      69%         5
 Plasma Beam              Fire/Air       10%        2x1d21    83%         6
 Simulacrum               Ice/Necr       8%         N/A       96%         6
 Statue Form              Tmut/Erth      7%         N/A       99%         6
 Summon Cactus Giant      Summ           5%         N/A       99%         6
 Dragon Form              Tmut           5%         N/A       100%        7
 Storm Form               Tmut/Air       5%         N/A       100%        7
 Summon Hydra             Summ           5%         N/A       100%        7
 Borgnjor's Revivificati  Necr           5%         N/A       100%        8
 Lehudib's Crystal Spear  Conj/Erth      9%         10d4      100%        8
 Chain Lightning          Conj/Air       9%         3d12      100%        9
 Fire Storm               Conj/Fire      14%        8d4       100%        9
 Shatter                  Erth           5%         3d8*      100%        9


Dungeon Overview and Level Annotations

Branches:
Dungeon (15/15)            Temple (1/1) D:4            Lair (5/5) D:10
 Shoals (4/4) Lair:2       Spider (4/4) Lair:3        Slime (0/5) Lair:5
    Orc (2/2) D:10            Elf (3/3) Orc:2        Vaults (5/5) D:14
  Crypt (3/3) Vaults:3       Tomb (0/3) Crypt:3      Depths (4/4) D:15
    Zot (5/5) Depths:4      Sewer (visited)           IceCv (visited)
Desolation (visited)

Altars:
Ashenzari
Cheibriados
Dithmenos
Elyvilon
Fedhas
Gozag
Hepliaklqana
Kikubaaqudgha
Makhleb
Nemelex Xobeh
Okawaru
Qazlal
Ru
Sif Muna
Trog
Uskayaw
Vehumet
Wu Jian
Xom
Yredelemnul
Zin
The Shining One
Lugonu

Shops:
D:3 =   D:6 [=!?   D:8 (!   D:11 *   D:13 :   D:15 [=[*(   Orc:2 *![=
Elf:3 :*   Shoals:3 :   Vaults:5 [(   Depths:1 *?*

Portals:
Hell: Depths:1 Depths:2 Depths:3 Depths:4
Abyss: Lair:5 Depths:3 Depths:4
Pandemonium: Depths:2 Depths:4
Ziggurat: Depths:2

Annotations:
D:8 Erica
Crypt:1 2 transporters, Pidopsy's ghost, veteran GrEE


Innate Abilities, Weirdness & Mutations

You are very small and have problems with some larger weapons.
You are too small for most types of armour.
You have supernaturally acute eyesight. (SInv)
You cover ground extremely quickly. (Speed+++)
You possess an exceptional clarity of mind.
You are very dopey. (Int -4)
Your magical capacity is low. (-10% MP)
You passively map a small area around you.
You are robust. (+10% HP)
Potions are less effective at restoring your health.
Your spells are a little easier to cast, but a little less powerful.
You occasionally lose the ability to read scrolls when taking damage.
You have hidden genetic defects.


Message History

There is a shaft here.
You see here a +0 giant club.
There is a stone staircase leading up here.
You climb upwards.
There is a stone staircase leading down here.
There is a stone staircase leading up here.
You climb upwards.
There is a stone staircase leading down here.
There is a stone staircase leading up here.
You climb upwards.
There is a stone staircase leading down here.
You enter the shallow water.
Moving in this stuff is going to be slow.
A soul eater comes into view.
You enter the shallow water.
Moving in this stuff is going to be slow.
You enter the shallow water.
Moving in this stuff is going to be slow.
You enter the shallow water.
Moving in this stuff is going to be slow.
Aiming: Dig
Press: ? - help, Shift-Dir - straight line Digging in that direction won't affect any walls.
A stone wall.
This square is covered in magical glow.
Okay, then.
You enter the shallow water.
Moving in this stuff is going to be slow.
You enter the shallow water.
Moving in this stuff is going to be slow.
There is a large open door, spattered with blood here.
A reaper comes into view. It is wielding a +2 heavy scythe.
You enter the shallow water.
Moving in this stuff is going to be slow.
The reaper hits you from afar with a +2 heavy scythe!!
The reaper hits you from afar with a +2 heavy scythe!!!
There is a large open door, spattered with blood here.
There is a large open door here.
There is a staircase leading out of the dungeon here.
You have escaped!

.#~~~~~≈~~~~~~~~~~~~.# #.........
.#~..8..........8..~.# #.########
.#~.##############.~.###.#
.#~8#~~~~~#.≈§§#.#8~.##..# ######
.#~.#~...~#.§§§#.#.~.##.## #....#
..~.#~.#.~#.≈§.#.#.~..#.####....#
#.~8#~.#.~#.≈≈.#.#.~............'
#.~.#~.#.~#.≈≈.#.#.~...>####....#
#...'..#..'.2^.'@#.~##.## #.....
#...'..#..'.§..'.#.3##.# ###'##
##~.#~.#.~#.§≈§#.#.~##.# #.#.
#~8#~.#.~#.§≈§#.#.~##.# #.#.
#~.#~.#.~#.≈§.#.#.~##.# #...
#~.#~...~#.≈≈.#.#.~##.##########
#~8#~~~~~#.≈≈.#.#8~##.....†.....
#~.##############.~#############
#~..8..........8..~#


You could see a reaper.

Vanquished Creatures
  A dread lich (Vaults:5)
  3 orbs of fire (Zot:5)
  Mara (Spider:3)
  An ancient lich (Zot:1)
  A juggernaut (Depths:3)
  Boris (5 times) (Vaults:3 Vaults:4 Vaults:5 Crypt:1 Crypt:2)
  Bai Suzhen (Crypt:1)
  2 curse toes
  5 Killer Klowns
  Nikola (Shoals:1)
  3 golden dragons
  the Enchantress (Depths:1)
  A Tzitzimitl (Depths:2)
  2 bone dragons
  2 electric golems (Zot:5)
  2 hellephants (Vaults:2)
  2 liches
  5 Orb Guardians (Zot:5)
  9 tentacled monstrosities
  A walking earthen tome (Depths:3)
  A walking divine tome (Depths:4)
  10 sphinxes
  3 titans (Vaults:5)
  2 krakens (Shoals:4)
  3 quicksilver dragons
  Polyphemus (Shoals:2)
  An Executioner (Abyss:1)
  4 deep elf blademasters
  3 deep elf master archers (Elf:3)
  Asterion (Vaults:2)
  2 ancient champions
  Gastronok (Orc:1)
  5 tentacled starspawn (Abyss:1)
  5 tengu reavers (Vaults:5)
  8 death cobs
  Kirke (Lair:4)
  11 storm dragons
  12 shadow dragons
  Donald (Elf:2)
  7 draconian monks
  The ghost of Vidovehi the Bewitcher, an adept DEEn of Vehumet (Spider:4)
  9 deep elf sorcerers
  A revenant (Crypt:3)
  5 iron dragons
  8 draconian scorchers
  11 frost giants
  9 draconian knights
  16 vault wardens
  5 ghost moths
  4 fire giants
  Aizul (Shoals:1)
  7 draconian shifters
  The ghost of Inom the Covert, an adept GrFE of Vehumet (Spider:4)
  2 imperial myrmidons (Desolation)
  A balrug (Depths:1)
  A curse skull (Crypt:1)
  9 emperor scorpions
  3 spectral juggernauts (Depths:2)
  15 ghouls
  3 draconian stormcallers
  2 draconian annihilators
  3 spectral caustic shrikes (Depths:2)
  Louise (Shoals:1)
  A juggernaut zombie (Crypt:3)
  A reaper (Crypt:3)
  2 orc warlords
  9 war gargoyles
  7 ironbound preservers
  4 spriggan defenders
  2 cacodemons
  11 stone giants
  A formless jellyfish (Vaults:3)
  43 very ugly things
  Nessos (Lair:4)
  6 ironbound thunderhulks
  Azrael (D:15)
  7 black draconians
  3 halazid warlocks (Desolation)
  11 deep elf annihilators
  15 green draconians
  10 vampire knights
  A spectral titan (Depths:2)
  5 deep elf demonologists
  15 dire elephants
  5 spark wasps
  9 white draconians
  11 purple draconians
  15 red draconians
  8 yellow draconians
  2 mummy priests (Crypt:3)
  The ghost of Dawnplanks the Stormcaller, a journeyman TeAE of Vehumet (Lair:5)
  8 eidola
  4 merfolk javelineers
  2 spectral quicksilver dragons (Depths:2)
  6 ragged hierophants (Desolation)
  7 deep elf death magi
  9 entropy weavers
  17 yaktaur captains
  3 crystal guardians
  10 jiangshi
  10 merfolk impalers
  16 ettins
  4 fire dragons
  6 great orbs of eyes
  Josephine (D:12)
  6 deep elf high priests
  2 caustic shrike simulacra (Depths:2)
  9 servants of whispers (Desolation)
  26 vault guards (Vaults:5)
  Harold (Orc:1)
  3 spectral shadow dragons (Depths:2)
  3 rakshasas
  A hydra (Lair:5)
  5 spectral tengu (Depths:2)
  6 ice dragons
  4 ogre magi
  10 peacekeepers
  6 spriggan air magi
  2 radroaches
  3 ironbound frosthearts
  2 catoblepae
  2 juggernaut simulacra (Depths:2)
  3 merfolk aquamancers
  A spectral stone giant (Depths:2)
  A merfolk avatar (Shoals:4)
  An alligator snapping turtle (Shoals:1)
  25 dancing weapons
  A fenstrider witch skeleton (Crypt:1)
  3 death knights (Vaults:3)
  7 boulder beetles
  A spectral fire giant (Depths:2)
  An Orb Guardian skeleton (Crypt:2)
  7 satyrs
  10 centaur warriors
  2 two-headed ogres
  10 vampire magi
  3 spectral frost giants (Depths:2)
  A death yak (Shoals:2)
  8 deep troll shamans
  6 spriggan berserkers
  6 tengu warriors
  4 hell hogs
  9 demonic crawlers
  4 deep troll earth magi
  4 orc high priests (Orc:2)
  8 thrashing horrors
  12 deep elf knights
  3 spectral storm dragons (Depths:2)
  4 soul eaters
  Sonja (Orc:1)
  3 sun demons
  8 wretched stars (Abyss:1)
  An emperor scorpion zombie (Crypt:3)
  11 skysharks
  13 hell knights
  6 iron trolls
  14 skeletal warriors
  A bunyip zombie (Crypt:1)
  4 pharaoh ants
  2 spectral spark wasps (Depths:2)
  2 sixfirhies (Abyss:1)
  A death drake (Depths:1)
  6 shadow wraiths
  13 sea snakes
  23 deep trolls
  A sun moth (Spider:2)
  9 orb spiders
  9 bog bodies
  16 wizards
  8 glowing orange brains
  An anaconda skeleton (Crypt:1)
  2 orange crystal statues (Depths:2)
  2 spectral iron dragons (Depths:2)
  13 phantasmal warriors
  4 harpies
  10 steelbarb worms
  Pikel (D:4)
  6 flayed ghosts
  An obsidian statue (D:9)
  28 ironbound convokers
  A glowing orange brain (shapeshifter) (Vaults:5)
  10 deep elf archers
  A harpy (shapeshifter) (D:12)
  2 orc knights
  25 deep elf pyromancers
  11 lindwurms
  20 deep elf zephyrmancers
  5 orc sorcerers
  9 necromancers
  61 ugly things
  15 starcursed masses (Abyss:1)
  2 spectral spriggans (Depths:2)
  13 wolf spiders
  2 worldbinders (Abyss:1)
  3 stone giant zombies
  2 oklob plants
  21 fauns
  A salamander (shapeshifter) (Abyss:1)
  8 cyclopes
  A human zombie (Vaults:2)
  23 moths of wrath
  A centaur zombie (Crypt:1)
  10 manticores
  A stone giant skeleton (Crypt:2)
  7 merfolk sirens
  17 vault sentinels
  An eleionoma skeleton (Crypt:3)
  5 elephants (Lair:5)
  A guardian serpent (Desolation)
  Joseph (D:7)
  2 rust devils (Depths:4)
  2 human skeletons (Vaults:2)
  3 ice statues (IceCv)
  3 orange demons
  3 torpor snails
  A torpor snail (shapeshifter) (Vaults:5)
  6 water nymphs
  2 black mambas
  3 gargoyles
  6 smoke demons
  2 apocalypse crabs (Abyss:1)
  A storm dragon simulacrum (Depths:2)
  A swamp worm zombie (Crypt:1)
  A hellion (Abyss:1)
  Maggie (D:7)
  5 cane toads
  2 dire elephant skeletons
  2 efreet
  3 rime drakes
  A kobold demonologist (D:14)
  2 yaktaurs (shapeshifter)
  An ice devil (Depths:4)
  8 freezing wraiths
  2 unseen horrors
  A spectral glowing shapeshifter (Depths:2)
  43 yaktaurs
  3 harpy zombies
  A catoblepas skeleton (Crypt:3)
  A catoblepas zombie (Crypt:1)
  2 tengu conjurers
  A spectral human (Depths:2)
  19 guardian mummies (Crypt:3)
  10 komodo dragons
  A pale draconian skeleton (Crypt:2)
  2 ancient zymes (Lair:5)
  A queen bee (shapeshifter) (Lair:5)
  2 golden dragon simulacra (Depths:2)
  38 merfolk
  2 shadow dragon simulacra (Depths:2)
  4 trolls
  A culicivora zombie (Crypt:3)
  4 hornets
  4 harpy skeletons (Crypt:1)
  A polar bear (Lair:5)
  13 raiju (Abyss:1)
  23 blink frogs
  2 fire dragon zombies
  A tarantella (shapeshifter) (D:14)
  A radroach zombie (Crypt:2)
  3 wind drakes
  A sphinx simulacrum (Depths:2)
  28 tarantellas
  Prince Ribbit (Lair:2)
  54 saltlings (Desolation)
  Grinder (D:5)
  An iron dragon simulacrum (Depths:2)
  21 dream sheep
  A stone giant simulacrum (Vaults:2)
  A guardian serpent skeleton (Crypt:1)
  A jumping spider (shapeshifter) (Depths:3)
  7 snapping turtles
  A dream sheep (shapeshifter) (Depths:4)
  4 air elementals
  18 slime creatures
  20 culicivoras
  22 jumping spiders
  Sigmund (D:4)
  13 flying skulls
  8 spriggans
  A vampire (Abyss:1)
  A centaur simulacrum (Crypt:1)
  6 ynoxinuls
  4 ushabtiu (Crypt:3)
  3 shadows
  2 dire elephant simulacra (IceCv)
  13 wraiths
  2 hogs
  20 water elementals
  7 basilisks
  Eustachio (D:4)
  A fire bat (Abyss:1)
  6 wyverns
  39 yaks
  4 fire elementals
  43 redbacks
  A neqoxec (Abyss:1)
  3 steam dragons
  A golden eye (shapeshifter) (Vaults:5)
  5 chaos spawn
  A death yak simulacrum (IceCv)
  14 large abominations
  5 wargs
  Menkaure (D:4)
  An acid dragon (D:13)
  A harpy simulacrum (IceCv)
  17 small abominations
  A demonspawn zombie (Crypt:2)
  A floating eye (Depths:2)
  5 hell hounds
  A floating eye (shapeshifter) (Depths:4)
  15 water moccasins
  18 orc warriors
  2 ice beasts
  2 sky beasts (D:7)
  5 black bears
  6 ogres
  An elephant skeleton (Crypt:1)
  5 boggarts (D:15)
  10 centaurs
  A wolf (shapeshifter) (Vaults:5)
  18 wolves
  A centaur (shapeshifter) (Lair:5)
  A hog skeleton (Crypt:1)
  3 phantoms
  Blork the orc (D:4)
  A komodo dragon zombie (Crypt:3)
  4 kobold brigands
  3 necrophages
  10 bullfrogs
  2 gnoll sergeants
  4 scorpions
  2 cane toad simulacra (IceCv)
  3 earth elementals
  10 wights
  A cyclops skeleton (Crypt:3)
  A polar bear zombie (Crypt:1)
  4 troll zombies
  5 killer bees (D:9)
  An elephant simulacrum (IceCv)
  3 electric eels
  6 howler monkeys
  2 crimson imps
  A quasit (Abyss:1)
  A lava snake (D:9)
  A jelly (shapeshifter) (Depths:3)
  4 hounds (D:5)
  23 orc priests
  Crazy Yiuf (D:5)
  A bullfrog skeleton (Crypt:2)
  A gnoll bouda (D:6)
  2 iron imps (Abyss:1)
  A jelly (D:5)
  4 sleepcaps
  4 iguanas
  20 orc wizards
  5 hell rats (Lair:1)
  A wolf simulacrum (IceCv)
  3 ogre zombies (D:10)
  14 mummies (Crypt:3)
  13 gnolls
  2 steam dragon zombies
  13 adders
  A river rat (Sewer)
  A shadow imp (D:7)
  4 white imps
  4 ufetubi
  4 worms
  3 dart slugs
  41 orcs
  A bat skeleton (Crypt:1)
  7 endoplasms
  6 giant cockroaches
  6 goblins
  8 hobgoblins
  6 jackals
  9 kobolds
  3 quokkas
  3 training dummies (D:8)
  5 ball pythons
  5 bats
  7 frilled lizards
  A frilled lizard zombie (Crypt:2)
  A goblin skeleton (D:10)
  3 goblin zombies (D:10)
  4 hobgoblin skeletons (D:10)
  3 orc skeletons (D:10)
  8 orc zombies (D:10)
  8 rats
  2 butterflies (D:10)
  A lurking horror (Abyss:1)
  2 starspawn tentacles (Abyss:1)
2380 creatures vanquished.

Vanquished Creatures (others)
  A draconian stormcaller (Zot:4)
  A dire elephant (Vaults:4)
  A deep elf knight (Elf:2)
  A merfolk siren (Shoals:1)
  A merfolk (Shoals:1)
  A saltling (Desolation)
  An orc priest (Vaults:5)
  93 fulminant prisms
  13 starspawn tentacles (Abyss:1)
  16 tentacles (Shoals:4)
129 creatures vanquished.

Grand Total: 2509 creatures vanquished

Notes
Turn   | Place    | Note
-------+----------+-------------------------------------------
     0 | D:1      | bloodbathe the Spriggan Hexslinger began the quest for the
                  | Orb.
     0 | D:1      | Reached XP level 1. HP: 9/9 MP: 3/3
    34 | D:1      | You fall into a shaft and drop 1 floor!
    45 | D:2      | Reached skill level 1 in Fighting
    45 | D:2      | Reached XP level 2. HP: 14/14 MP: 1/5
   138 | D:2      | Reached skill level 1 in Stealth
   160 | D:2      | Reached XP level 3. HP: 18/18 MP: 4/6
   261 | D:2      | Learned a level 3 spell: Inner Flame
  1106 | D:1      | Reached XP level 4. HP: 22/22 MP: 6/8
  1964 | D:3      | Found Soss's Jewellery Shop.
  2586 | D:3      | Found a faded altar of an unknown god.
  2723 | D:4      | Found a stormy altar of Qazlal.
  2863 | D:4      | Found an opulent altar of Gozag.
  2863 | D:4      | Noticed Blork the orc
  2977 | D:4      | Noticed Menkaure
  2994 | D:4      | Noticed Sigmund
  3002 | D:4      | Killed Sigmund
  3003 | D:4      | Reached skill level 5 in Hexes
  3003 | D:4      | Reached skill level 1 in Fire Magic
  3003 | D:4      | Reached XP level 5. HP: 26/26 MP: 8/10
  3003 | D:4      | Reached XP level 6. HP: 30/30 MP: 8/11
  3021 | D:4      | Killed Menkaure
  3111 | D:4      | Found a hide-covered altar of Uskayaw.
  3131 | D:4      | Found a staircase to the Ecumenical Temple.
  3137 | Temple   | Entered the Ecumenical Temple
  3137 | Temple   | Noticed a rust devil
  3138 | Temple   | Noticed Xatoz the pandemonium lord
  3138 | Temple   | Noticed a rust devil
  3138 | Temple   | Noticed Meughog the pandemonium lord
  3138 | Temple   | Noticed a red devil
  3139 | Temple   | Noticed a cacodemon
  3139 | Temple   | Noticed a tormentor
  3140 | Temple   | Noticed a ynoxinul
  3167 | Temple   | Noticed Qeseneokk the pandemonium lord
  3167 | Temple   | Noticed a sun demon
  3168 | Temple   | Noticed an Executioner
  3168 | Temple   | Noticed a hell beast
  3185 | Temple   | Noticed Bommiremm the pandemonium lord
  3193 | Temple   | Noticed an ice devil
  3195 | Temple   | Noticed Avin the pandemonium lord
  3195 | Temple   | Noticed a blizzard demon
  3211 | Temple   | Noticed a hell beast
  3213 | Temple   | Noticed Foafuir the pandemonium lord
  3230 | Temple   | Became a worshipper of Elyvilon the Healer
  3335 | D:4      | Killed Blork the orc
  3396 | D:4      | Reached XP level 7. HP: 35/35 MP: 12/12
  3496 | D:4      | Found a glowing drain.
  3500 | Sewer    | Entered a sewer
  3575 | Sewer    | Learned a level 3 spell: Portal Projectile
  3755 | Sewer    | HP: 1/35 [poisoned by a kobold brigand (curare-tipped
                  | dart)]
  3757 | Sewer    | Elyvilon protects you from harm!
  3760 | Sewer    | HP: 1/52 [kobold brigand/+0 whip (1)]
  3762 | Sewer    | Reached skill level 1 in Translocations
  4236 | D:4      | Noticed Eustachio
  4362 | D:4      | Killed Eustachio
  4897 | D:4      | Identified a scroll of acquirement
  4898 | D:4      | Acquired a +5 arbalest
  4971 | D:5      | Entered Level 5 of the Dungeon
  4978 | D:5      | Noticed Pikel
  5061 | D:4      | Killed Pikel
  5062 | D:4      | Reached skill level 5 in Ranged Weapons
  5062 | D:4      | Reached skill level 5 in Dodging
  5062 | D:4      | Reached XP level 8. HP: 39/39 MP: 14/16
  5147 | D:5      | Reached * piety under Elyvilon
  5298 | D:5      | Reached skill level 5 in Stealth
  5311 | D:5      | Reached skill level 5 in Spellcasting
  5561 | D:5      | Found a runed translucent door.
  5562 | D:5      | Noticed Crazy Yiuf
  5618 | D:5      | Noticed Grinder
  5639 | D:5      | Killed Grinder
  5640 | D:5      | Reached XP level 9. HP: 44/44 MP: 7/18
  5885 | D:5      | Reached skill level 5 in Translocations
  6411 | D:5      | Killed Crazy Yiuf
  7054 | D:6      | Found Niro Ciu's Magic Scroll Boutique.
  7058 | D:6      | Found Neas's Distillery.
  7184 | D:6      | Reached ** piety under Elyvilon
  7260 | D:6      | Found Qarunuo's Armour Boutique.
  7305 | D:6      | Found Jougijup's Jewellery Emporium.
  7430 | D:6      | Found a snail-covered altar of Cheibriados.
  7931 | D:7      | Noticed Joseph
  8670 | D:7      | Reached *** piety under Elyvilon
  8726 | D:7      | Noticed Maggie
  8750 | D:7      | Killed Maggie
  8955 | D:7      | Reached XP level 10. HP: 49/49 MP: 15/20
  9406 | D:7      | Killed Joseph
  9546 | D:8      | Noticed Erica
  9587 | D:8      | Found a basalt altar of Yredelemnul.
  9893 | D:8      | Reached **** piety under Elyvilon
  9896 | D:8      | Found a glowing golden altar of the Shining One.
 10052 | D:8      | Found Ypoipseu's Distillery.
 10315 | D:8      | Found Muhymoti's Firing Range.
 10523 | D:8      | Found a shimmering blue altar of Sif Muna.
 10822 | D:9      | Reached ***** piety under Elyvilon
 10886 | D:9      | Noticed an obsidian statue
 10892 | D:9      | Noticed a smoke demon
 11304 | D:9      | Noticed a wizard
 11316 | D:9      | Killed a wizard
 12364 | D:9      | Noticed a rust devil
 12416 | D:9      | Noticed a rust devil
 12482 | D:9      | Noticed a soul eater
 12482 | D:9      | Killed an obsidian statue
 12629 | D:10     | Entered Level 10 of the Dungeon
 12751 | D:10     | Noticed a gargoyle
 13230 | D:10     | Reached skill level 10 in Hexes
 13230 | D:10     | Reached XP level 11. HP: 45/54 MP: 13/23
 14061 | D:10     | Found a staircase to the Lair.
 14065 | D:10     | Found a shimmering altar of Xom.
 14100 | D:10     | Found a hazy altar of Hepliaklqana.
 14454 | D:10     | Reached skill level 5 in Fighting
 14503 | D:10     | Found a staircase to the Orcish Mines.
 15114 | D:10     | Found a burning altar of Makhleb.
 15131 | D:10     | Learned a level 4 spell: Cause Fear
 15308 | D:11     | Found a shadowy altar of Dithmenos.
 15435 | D:11     | Found Jalyror's Assorted Antiques.
 15896 | D:11     | Noticed a two-headed ogre
 15904 | D:11     | Killed a two-headed ogre
 15905 | D:11     | Reached skill level 10 in Stealth
 16291 | Lair:1   | Entered Level 1 of the Lair of Beasts
 16843 | Lair:1   | Reached skill level 1 in Invocations
 17045 | Lair:1   | Reached skill level 10 in Ranged Weapons
 17050 | Lair:1   | Reached XP level 12. HP: 60/60 MP: 0/26
 17384 | Lair:1   | Reached ****** piety under Elyvilon
 17424 | Lair:1   | Noticed a boulder beetle
 17685 | Lair:1   | Killed a boulder beetle
 18648 | Lair:2   | Found a staircase to the Shoals.
 19184 | Lair:2   | Identified the +6 flail of Mourning {pain, Fly}
 19223 | Lair:2   | Noticed Prince Ribbit
 19230 | Lair:2   | Killed Prince Ribbit
 20357 | Lair:3   | Found a hole to the Spider Nest.
 20603 | Lair:3   | Reached skill level 10 in Spellcasting
 20679 | Lair:3   | You fall into a shaft and drop 1 floor!
 20679 | Lair:4   | Noticed Nessos
 20687 | Lair:4   | Noticed Kirke
 21494 | Lair:4   | Elyvilon protects you from harm!
 21515 | Lair:4   | Killed Nessos
 21857 | Lair:4   | Reached XP level 13. HP: 60/66 MP: 20/28
 22530 | Lair:4   | Noticed a sphinx
 22932 | Lair:4   | Killed Kirke
 22933 | Lair:4   | Reached skill level 10 in Dodging
 23017 | Lair:5   | Entered Level 5 of the Lair of Beasts
 23637 | Lair:5   | Reached skill level 5 in Invocations
 24178 | Lair:5   | Found a staircase to the Slime Pits.
 24557 | Lair:5   | Identified the amulet of Doubts {RegenMP Dex+4 Slay+3}
 24657 | Lair:5   | Reached XP level 14. HP: 72/72 MP: 29/29
 24712 | Lair:5   | Found a corrupted altar of Lugonu.
 24712 | Lair:5   | Found a one-way gate to the infinite horrors of the Abyss.
 24842 | Lair:5   | Found a runed translucent door.
 24843 | Lair:5   | Noticed Dawnplanks's ghost (journeyman TeAE)
 25314 | D:12     | Found a frozen archway.
 25327 | IceCv    | Entered an ice cave
 25531 | IceCv    | Identified the staff "Dolau" {rElec Str+3 Earth}
 26205 | D:12     | Noticed Josephine
 26215 | D:12     | Killed Josephine
 26504 | D:13     | Found Wuxim's Book Shop.
 26509 | D:13     | Bought a book of the Warp for 504 gold pieces
 28051 | D:14     | Found a gate to the Vaults.
 28062 | D:14     | Learned a level 5 spell: Metabolic Englaciation
 28508 | D:15     | Entered Level 15 of the Dungeon
 28508 | D:15     | Found Jediont's Antique Armour Shoppe.
 28755 | D:15     | Found Tun Seza's Jewellery Shoppe.
 28853 | D:15     | Found a staircase to the Depths.
 29108 | D:15     | Reached skill level 1 in Ice Magic
 29437 | D:15     | Found a bloodstained altar of Trog.
 29590 | D:15     | Reached XP level 15. HP: 78/78 MP: 26/30
 29597 | D:15     | Learned a level 6 spell: Dispersal
 29606 | D:15     | Learned a level 8 spell: Disjunction
 29609 | D:15     | Noticed Azrael
 29618 | D:15     | Killed Azrael
 29709 | D:15     | Found Vemysiu's Weapon Emporium.
 29751 | D:15     | Reached skill level 15 in Stealth
 29824 | D:15     | Found Wuini's Armour Shoppe.
 29893 | D:15     | Found Itul's Assorted Antiques.
 30191 | Orc:1    | Entered Level 1 of the Orcish Mines
 30347 | Orc:1    | Noticed Sonja
 30351 | Orc:1    | Killed Sonja
 30370 | Orc:1    | Noticed Gastronok
 30376 | Orc:1    | Killed Gastronok
 30700 | Orc:2    | Entered Level 2 of the Orcish Mines
 30700 | Orc:2    | Found a staircase to the Elven Halls.
 31299 | Orc:2    | Found Ijusmiu's Antique Armour Emporium.
 31299 | Orc:2    | Found Vaja's General Store.
 31300 | Orc:2    | Found Tukitt's Distillery.
 31335 | Orc:2    | Found Iruhor's Jewellery Emporium.
 31568 | Orc:1    | Noticed Harold
 31605 | Orc:1    | Killed Harold
 31846 | Spider:1 | Entered Level 1 of the Spider Nest
 32096 | Lair:3   | Reached skill level 10 in Translocations
 34042 | Spider:2 | Noticed an emperor scorpion
 34072 | Spider:2 | Killed an emperor scorpion
 34152 | Spider:2 | Reached skill level 15 in Ranged Weapons
 34538 | Spider:2 | Noticed an emperor scorpion
 34580 | Spider:2 | Killed an emperor scorpion
 34839 | Spider:2 | Reached XP level 16. HP: 40/84 MP: 27/32
 36511 | Spider:3 | Noticed Mara
 36535 | Spider:3 | Noticed bloodbathe's illusion
 36669 | Spider:3 | Killed Mara
 36866 | Spider:4 | Entered Level 4 of the Spider Nest
 37226 | Spider:4 | Found a transporter.
 37229 | Spider:4 | Noticed Inom's ghost (adept GrFE)
 37229 | Spider:4 | Noticed Vidovehi's ghost (adept DEEn)
 37232 | Spider:4 | Found a transporter.
 38297 | Spider:4 | Reached skill level 10 in Fighting
 38653 | Spider:4 | Got a gossamer rune of Zot
 38924 | Lair:5   | Killed Dawnplanks's ghost
 39315 | D:6      | Bought the amulet of the Air {Inacc Air Fly rElec RMsl} for
                  | 564 gold pieces
 39315 | D:6      | Found the amulet of the Air {Inacc Air Fly rElec RMsl}
 39572 | Shoals:1 | Entered Level 1 of the Shoals
 39653 | Shoals:1 | Noticed Louise
 39674 | Shoals:1 | Killed Louise
 40239 | Shoals:1 | Noticed Nikola
 40249 | Shoals:1 | Noticed Aizul
 40255 | Shoals:1 | Killed Nikola
 40256 | Shoals:1 | Reached XP level 17. HP: 73/89 MP: 18/34
 40504 | Shoals:1 | Killed Aizul
 41454 | Shoals:2 | Reached skill level 15 in Dodging
 41700 | Shoals:2 | Noticed Polyphemus
 42791 | Shoals:2 | Killed Polyphemus
 43509 | Shoals:3 | Found Nyxaenost's Vocational Training.
 43518 | Shoals:3 | Bought a manual of Invocations for 960 gold pieces
 44478 | Shoals:4 | Entered Level 4 of the Shoals
 46602 | Shoals:4 | Reached skill level 10 in Invocations
 46621 | Shoals:4 | Reached XP level 18. HP: 95/95 MP: 25/35
 47249 | Shoals:4 | Got a barnacled rune of Zot
 47605 | Shoals:4 | Gained mutation: Your flesh is heat resistant. (rF+)
                  | [potion of mutation]
 47841 | Vaults:1 | Entered Level 1 of the Vaults
 49978 | Vaults:1 | Learned a level 1 spell: Apportation
 50011 | Vaults:2 | Found a crumbling gateway.
 50064 | Desolati | Entered the Desolation of Salt
 51175 | Desolati | Identified the ring of Birdsong {Contam rF+ AC+4 Dex+2}
 51373 | Desolati | Identified the ring "Yfidyull" {Fire rN+}
 51494 | Desolati | Got Gutti's Reference Book on Bolts
 52302 | Desolati | Got Sif Muna's Catalogue of the Mortuary Volley
 52311 | Desolati | Got Kupna's Secrets of Frost
 52745 | Vaults:2 | Reached XP level 19. HP: 82/100 MP: 31/37
 52841 | Vaults:2 | Noticed Asterion
 53477 | Vaults:2 | Found a huge runed gate.
 53477 | Vaults:2 | Found a huge runed gate.
 53477 | Vaults:2 | Found a huge runed gate.
 53477 | Vaults:2 | Found a huge runed gate.
 53477 | Vaults:2 | Found a huge runed gate.
 53478 | Vaults:2 | Found a huge runed gate.
 53478 | Vaults:2 | Found a huge runed gate.
 53478 | Vaults:2 | Found a huge runed gate.
 53478 | Vaults:2 | Found a huge runed gate.
 53478 | Vaults:2 | Found a huge runed gate.
 53479 | Vaults:2 | Found a huge runed gate.
 53479 | Vaults:2 | Found a huge runed gate.
 53480 | Vaults:2 | Found a huge runed gate.
 53481 | Vaults:2 | Found a huge runed gate.
 53482 | Vaults:2 | Found a huge runed gate.
 53483 | Vaults:2 | Found a huge runed gate.
 53484 | Vaults:2 | Found a huge runed gate.
 53525 | Vaults:2 | Found a huge runed gate.
 53525 | Vaults:2 | Found a huge runed gate.
 53525 | Vaults:2 | Found a huge runed gate.
 53525 | Vaults:2 | Found a huge runed gate.
 53525 | Vaults:2 | Found a huge runed gate.
 53525 | Vaults:2 | Found a huge runed gate.
 53526 | Vaults:2 | Found a huge runed gate.
 53527 | Vaults:2 | Found a huge runed gate.
 53528 | Vaults:2 | Found a huge runed gate.
 53536 | Vaults:2 | Found a huge runed gate.
 53536 | Vaults:2 | Found a huge runed gate.
 53536 | Vaults:2 | Found a huge runed gate.
 53536 | Vaults:2 | Found a huge runed gate.
 53536 | Vaults:2 | Found a huge runed gate.
 53536 | Vaults:2 | Found a huge runed gate.
 53537 | Vaults:2 | Found a huge runed gate.
 53538 | Vaults:2 | Found a huge runed gate.
 53539 | Vaults:2 | Found a huge runed gate.
 53547 | Vaults:2 | Found a huge runed gate.
 53639 | Vaults:2 | Reached skill level 15 in Translocations
 54899 | Vaults:2 | Noticed a hellephant
 54899 | Vaults:2 | Noticed a hellephant
 55404 | Vaults:2 | Killed a hellephant
 55479 | Vaults:2 | Identified the +3 bardiche of Dafysats {freeze, *Corrode
                  | Fly rElec Str+3}
 55772 | Vaults:2 | Killed a hellephant
 55813 | Vaults:2 | Identified the ring of Sin {Wiz Will+ rCorr Str-5}
 55920 | Vaults:2 | Killed Asterion
 56061 | Vaults:3 | Noticed Boris
 56432 | Vaults:3 | Killed Boris
 57523 | Vaults:3 | Found a staircase to the Crypt.
 58001 | Vaults:3 | Paralysed by a formless jellyfish for 1 turns
 59005 | Vaults:4 | Noticed Boris
 59020 | Vaults:4 | Killed Boris
 59197 | Vaults:4 | Reached XP level 20. HP: 107/107 MP: 34/39
 60464 | Vaults:4 | Got the Anthology of Putrid Transition
 61189 | Vaults:4 | Identified the +6 arbalest "Spriggan's Curse" {flame, rN+}
 61932 | Elf:1    | Entered Level 1 of the Elven Halls
 62282 | Elf:1    | Identified the +10 trident of Duga {antimagic, rPois}
 62571 | D:6      | Bought a scroll of enchant weapon for 82 gold pieces
 63144 | Elf:1    | Identified the +5 flail "Lutum" {vamp, rC+}
 64357 | Elf:2    | Noticed Donald
 64394 | Elf:2    | Killed Donald
 64699 | Elf:2    | Found a runed translucent gate.
 64699 | Elf:2    | Found a runed translucent gate.
 64700 | Elf:2    | Found a runed translucent gate.
 66084 | Elf:3    | Entered Level 3 of the Elven Halls
 66095 | Elf:3    | Found Ogiug's General Store.
 66100 | Elf:3    | Bought a scroll of revelation for 112 gold pieces
 66152 | Elf:3    | Found Patygeyc's Book Shop.
 66158 | Elf:3    | Identified the +9 dagger "Demonbane" {drain, rN++ rCorr
                  | Str-2 Int-5}
 66332 | Elf:3    | Reached XP level 21. HP: 113/113 MP: 36/40
 67557 | Elf:3    | Identified the +9 war axe "Mosuanic" {drain, Fly Int+3}
 68354 | Elf:3    | Identified the amulet of Lagolot {RegenMP rN+++ Regen+
                  | Int-4 Dex+2}
 68729 | Elf:3    | Identified the +6 war axe of Terra Nullius {antimagic,
                  | Int+2}
 68731 | Elf:3    | Identified the +8 orcbow of Drought {drain, rF+ SInv}
 68745 | Elf:3    | Identified the +4 spear "Southrilia" {flame, Fly rElec
                  | rPois rF-}
 68855 | Elf:3    | Identified the +7 plate armour of the Valley of Death {rN+
                  | Str+2}
 68871 | Elf:3    | Reached skill level 15 in Spellcasting
 69454 | Elf:3    | Got the Spellbook of the Shifting Bonfire
 69465 | Elf:3    | Identified the staff "Liudast" {rPois rF+ Int+8 Fire}
 69477 | Elf:3    | Identified the scarf of Cynicism {repulsion, rF+}
 69897 | Depths:1 | Entered Level 1 of the Depths
 70300 | Depths:1 | Found Ilof's Pet Rocks.
 70811 | Depths:1 | Found Woschumm's Magic Scroll Shoppe.
 70811 | Depths:1 | Found Jurghyi's Assorted Antiques.
 71383 | Depths:1 | Found a gateway to Hell.
 71570 | Depths:1 | Noticed the Enchantress
 72781 | D:15     | Learned a level 4 spell: Fulminant Prism
 73719 | Depths:1 | Killed the Enchantress
 74168 | Depths:2 | Reached skill level 1 in Conjurations
 74740 | Depths:2 | HP: 3/84 [spectral juggernaut (3)]
 75200 | Depths:1 | Learned a level 3 spell: Volatile Blastmotes
 75553 | Lair:5   | Voluntarily entered the Abyss.
 75629 | Abyss:1  | Found a corrupted altar of Lugonu.
 75640 | Abyss:1  | Reached skill level 1 in Short Blades
 76239 | Abyss:1  | Reached skill level 5 in Short Blades
 76315 | Lair:5   | Escaped the Abyss
 76473 | Lair:5   | Voluntarily entered the Abyss.
 76490 | Abyss:1  | Found a corrupted altar of Lugonu.
 76555 | Abyss:1  | Found a corrupted altar of Lugonu.
 76610 | Abyss:1  | Reached XP level 22. HP: 104/104 MP: 42/42
 76815 | Abyss:1  | Lost strength.
 76823 | Abyss:1  | Found a corrupted altar of Lugonu.
 76836 | Abyss:1  | Noticed an ancient lich
 76893 | Abyss:1  | Gained mutation: You are clumsy. (Dex -2) [a cacodemon]
 76897 | Abyss:1  | Gained mutation: You are very clumsy. (Dex -4) [a
                  | cacodemon]
 77328 | Abyss:1  | Found a sacrificial altar of Ru.
 77420 | Abyss:1  | Found a corrupted altar of Lugonu.
 77473 | Abyss:1  | Lost mutation: You are very clumsy. (Dex -4) [potion of
                  | mutation]
 77473 | Abyss:1  | Lost mutation: Your flesh is heat resistant. (rF+) [potion
                  | of mutation]
 77473 | Abyss:1  | Gained mutation: You are partially covered in iridescent
                  | scales. (AC +2) [potion of mutation]
 77473 | Abyss:1  | Gained mutation: Your mind is acute. (Int +4, Str/Dex -1)
                  | [potion of mutation]
 77473 | Abyss:1  | Gained mutation: You have sharp toenails. [potion of
                  | mutation]
 77484 | Abyss:1  | Found a corrupted altar of Lugonu.
 77515 | Abyss:1  | Lost strength.
 77547 | Lair:5   | Escaped the Abyss
 77759 | Lair:5   | Voluntarily entered the Abyss.
 77804 | Abyss:1  | Found a corrupted altar of Lugonu.
 77883 | Abyss:1  | Found a corrupted altar of Lugonu.
 77933 | Abyss:1  | Found a corrupted altar of Lugonu.
 78664 | Lair:5   | Escaped the Abyss
 79027 | Depths:2 | Reached skill level 10 in Short Blades
 79349 | Depths:2 | Learned a level 2 spell: Blink
 79952 | Depths:2 | Paralysed by a floating eye for 3 turns
 80849 | Depths:2 | Reached skill level 1 in Armour
 80898 | Depths:2 | Found a one-way gate leading to the halls of Pandemonium.
 81582 | Depths:2 | Found a one-way gateway to a ziggurat.
 81692 | Depths:2 | Reached XP level 23. HP: 123/123 MP: 43/43
 82542 | Depths:3 | Reached XP level 24. HP: 128/128 MP: 36/43
 83302 | Depths:3 | Noticed a juggernaut
 83474 | Depths:3 | Killed a juggernaut
 83798 | Depths:3 | Reached skill level 5 in Armour
 84108 | Depths:4 | Entered Level 4 of the Depths
 84406 | Depths:4 | Found a broken altar of Ashenzari.
 84598 | Depths:4 | Found a corrupted altar of Lugonu.
 85714 | Depths:4 | Found a gate to the Realm of Zot.
 86060 | Vaults:5 | Entered Level 5 of the Vaults
 87096 | Vaults:5 | Got the Volume of the Blizzard and Ouranomancy
 87237 | Vaults:5 | Identified the ring "Xubuxos" {Will+ Dex+2}
 87473 | Vaults:5 | Identified the +6 great mace of Zaenitho {vamp, rC++ Str+3
                  | Int-4}
 87473 | Vaults:5 | Identified the +3 ring mail of the Eternal Void {rC+ Str+2
                  | Int+3}
 87530 | Vaults:5 | Reached XP level 25. HP: 135/135 MP: 39/44
 87690 | Vaults:5 | Noticed Boris
 87726 | Vaults:5 | Found Qace's Antique Armour Boutique.
 87780 | Vaults:5 | Elyvilon protects you from harm!
 87910 | Vaults:5 | Got the Precepts of Hurtful Relocation
 88047 | Vaults:5 | Identified the +0 buckler "Virch" {Rampage}
 88112 | Vaults:5 | Identified the +5 battleaxe of the Sage {holy, rC+ Str+3
                  | Dex+4}
 88112 | Vaults:5 | Identified the amulet of Gluttony {RegenMP Fragile SInv
                  | Stlth+}
 88227 | Vaults:5 | Killed Boris
 88344 | Vaults:5 | Reached skill level 15 in Fighting
 88588 | Vaults:5 | Noticed a dread lich
 88651 | Vaults:5 | Killed a dread lich
 88933 | Vaults:5 | Found Tugapososm's Antique Weapon Shoppe.
 89280 | Vaults:5 | Got a silver rune of Zot
 89865 | Crypt:1  | Entered Level 1 of the Crypt
 90088 | Crypt:1  | Noticed Pidopsy's ghost (veteran GrEE)
 90090 | Crypt:1  | Found a transporter.
 90503 | Crypt:1  | Found an ancient bone altar of Kikubaaqudgha.
 90541 | Crypt:1  | Noticed Boris
 90593 | Crypt:1  | Killed Boris
 90747 | Crypt:1  | Found a transporter.
 90827 | Crypt:1  | Noticed Bai Suzhen
 90868 | Crypt:1  | Killed Bai Suzhen
 90869 | Crypt:1  | Reached skill level 5 in Fire Magic
 91354 | Crypt:2  | Noticed Boris
 91404 | Crypt:2  | Killed Boris
 92079 | Crypt:3  | Entered Level 3 of the Crypt
 92124 | Crypt:3  | Found an ancient bone altar of Kikubaaqudgha.
 92269 | Crypt:3  | Identified the +5 triple sword of Butchery {venom, Fly
                  | rElec rC- Dex+8}
 93739 | Crypt:3  | Found a staircase to the Tomb.
 94066 | Crypt:3  | Reached XP level 26. HP: 94/141 MP: 40/44
 94523 | Crypt:3  | Found an ancient bone altar of Kikubaaqudgha.
 94607 | Crypt:3  | Identified the +6 morningstar "Tyaprushrau" {venom, SInv}
 94651 | Crypt:3  | Noticed a royal mummy
 95363 | Spider:4 | Killed Inom's ghost
 95363 | Spider:4 | Killed Vidovehi's ghost
 95364 | Spider:4 | Reached skill level 5 in Conjurations
 95816 | Zot:1    | Entered Level 1 of the Realm of Zot
 97355 | Zot:1    | Reached skill level 27 in Stealth
 97566 | Zot:2    | Noticed an ancient lich
 97909 | Zot:1    | Killed an ancient lich
 97910 | Zot:1    | Reached skill level 15 in Short Blades
 98197 | Zot:2    | Reached skill level 10 in Armour
 98500 | Zot:2    | Identified the +4 war axe of the Ageless Knives {heavy,
                  | +Blink Int+8}
 98580 | Zot:2    | Reached skill level 27 in Dodging
 98729 | Zot:2    | Reached skill level 15 in Invocations
100820 | Zot:4    | Identified the +9 morningstar "Ijyl" {freeze, rN+}
101110 | Zot:4    | Reached XP level 27. HP: 151/151 MP: 17/44
101539 | Zot:5    | Entered Level 5 of the Realm of Zot
101540 | Zot:5    | Noticed a dread lich
101540 | Zot:5    | Noticed an ancient lich
101574 | Zot:5    | Noticed an orb of fire
101574 | Zot:5    | Noticed an orb of fire
101574 | Zot:5    | Noticed an orb of fire
101584 | Zot:5    | Noticed an orb of fire
101586 | Zot:5    | Gained mutation: You are vulnerable to cold. (rC-) [an orb
                  | of fire]
101587 | Zot:5    | Gained mutation: You occasionally lose the ability to read
                  | scrolls when taking damage. [an orb of fire]
101602 | Zot:5    | Gained mutation: Your body sometimes deteriorates upon
                  | taking damage. [an orb of fire]
101839 | Zot:5    | Gained mutation: You are weak. (Str -2) [an orb of fire]
101839 | Zot:5    | Lost mutation: You are weak. (Str -2) [an orb of fire]
101846 | Zot:5    | Lost mutation: You are partially covered in iridescent
                  | scales. (AC +2) [an orb of fire]
101851 | Zot:5    | Lost mutation: Your mind is acute. (Int +4, Str/Dex -1) [an
                  | orb of fire]
101855 | Zot:5    | Gained mutation: You are occasionally teleported next to
                  | monsters. [an orb of fire]
101862 | Zot:5    | Gained mutation: You are weak. (Str -2) [an orb of fire]
101863 | Zot:5    | Gained mutation: Potions are less effective at restoring
                  | your health. [an orb of fire]
101869 | Zot:5    | Killed an orb of fire
101907 | Zot:5    | Lost mutation: You are vulnerable to cold. (rC-) [potion of
                  | mutation]
101907 | Zot:5    | Lost mutation: Your body sometimes deteriorates upon taking
                  | damage. [potion of mutation]
101907 | Zot:5    | Gained mutation: Your magical capacity is low. (-10% MP)
                  | [potion of mutation]
101907 | Zot:5    | Lost mutation: You are clumsy. (Dex -2) [potion of
                  | mutation]
101908 | Zot:5    | Lost mutation: You are weak. (Str -2) [potion of mutation]
101908 | Zot:5    | Lost mutation: Your magical capacity is low. (-10% MP)
                  | [potion of mutation]
101908 | Zot:5    | Lost mutation: You have sharp toenails. [potion of
                  | mutation]
101908 | Zot:5    | Gained mutation: You do not regenerate when monsters are
                  | visible. [potion of mutation]
101908 | Zot:5    | Gained mutation: You are robust. (+10% HP) [potion of
                  | mutation]
101908 | Zot:5    | Gained mutation: You are somewhat resistant to further
                  | mutation. [potion of mutation]
101909 | Zot:5    | Lost mutation: You are robust. (+10% HP) [potion of
                  | mutation]
101909 | Zot:5    | Lost mutation: You are occasionally teleported next to
                  | monsters. [potion of mutation]
101909 | Zot:5    | Gained mutation: You possess an exceptional clarity of
                  | mind. [potion of mutation]
101909 | Zot:5    | Gained mutation: Your spells are a little easier to cast,
                  | but a little less powerful. [potion of mutation]
101910 | Zot:5    | Lost mutation: You do not regenerate when monsters are
                  | visible. [potion of mutation]
101910 | Zot:5    | Lost mutation: You possess an exceptional clarity of mind.
                  | [potion of mutation]
101910 | Zot:5    | Lost mutation: Potions are less effective at restoring your
                  | health. [potion of mutation]
101910 | Zot:5    | Gained mutation: You are occasionally teleported next to
                  | monsters. [potion of mutation]
101910 | Zot:5    | Gained mutation: You possess an exceptional clarity of
                  | mind. [potion of mutation]
101911 | Zot:5    | Lost mutation: You occasionally lose the ability to read
                  | scrolls when taking damage. [potion of mutation]
101911 | Zot:5    | Lost mutation: You are occasionally teleported next to
                  | monsters. [potion of mutation]
101911 | Zot:5    | Lost mutation: You possess an exceptional clarity of mind.
                  | [potion of mutation]
101911 | Zot:5    | Lost mutation: You are somewhat resistant to further
                  | mutation. [potion of mutation]
101911 | Zot:5    | Gained mutation: You sometimes lose your temper in combat.
                  | [potion of mutation]
101911 | Zot:5    | Gained mutation: You are partially covered in iridescent
                  | scales. (AC +2) [potion of mutation]
101912 | Zot:5    | Lost mutation: You are partially covered in iridescent
                  | scales. (AC +2) [potion of mutation]
101912 | Zot:5    | Lost mutation: Your spells are a little easier to cast, but
                  | a little less powerful. [potion of mutation]
101912 | Zot:5    | Lost mutation: You sometimes lose your temper in combat.
                  | [potion of mutation]
101912 | Zot:5    | Gained mutation: You are partially covered in iridescent
                  | scales. (AC +2) [potion of mutation]
101912 | Zot:5    | Gained mutation: You are clumsy. (Dex -2) [potion of
                  | mutation]
101912 | Zot:5    | Gained mutation: Your system is resistant to poisons.
                  | (rPois) [potion of mutation]
102097 | Zot:5    | Noticed an orb of fire
102189 | Zot:5    | Noticed an orb of fire
102227 | Zot:5    | Gained mutation: You occasionally lose the ability to read
                  | scrolls when taking damage. [an orb of fire]
102236 | Zot:5    | Gained mutation: You have large cloven feet. [an orb of
                  | fire]
102238 | Zot:5    | Killed an orb of fire
102338 | Zot:5    | Gained mutation: You are dopey. (Int -2) [an orb of fire]
102344 | Zot:5    | Gained mutation: You have hidden genetic defects. [an orb
                  | of fire]
102346 | Zot:5    | Gained mutation: You occasionally lose the ability to drink
                  | potions when taking damage. [an orb of fire]
102355 | Zot:5    | Gained mutation: You are vulnerable to heat. (rF-) [an orb
                  | of fire]
102359 | Zot:5    | Killed an orb of fire
102437 | Zot:5    | Noticed an orb of fire
102439 | Zot:5    | Gained mutation: Your spells are a little easier to cast,
                  | but a little less powerful. [an orb of fire]
102447 | Zot:5    | Gained mutation: Your magical capacity is low. (-10% MP)
                  | [an orb of fire]
102538 | Zot:4    | Lost mutation: You are partially covered in iridescent
                  | scales. (AC +2) [potion of mutation]
102538 | Zot:4    | Lost mutation: You are vulnerable to heat. (rF-) [potion of
                  | mutation]
102538 | Zot:4    | Lost mutation: You have large cloven feet. [potion of
                  | mutation]
102538 | Zot:4    | Gained mutation: You possess an exceptional clarity of
                  | mind. [potion of mutation]
102538 | Zot:4    | Lost mutation: You occasionally lose the ability to drink
                  | potions when taking damage. [potion of mutation]
102929 | D:6      | Bought a potion of mutation for 88 gold pieces
102929 | D:6      | Lost mutation: Your magical capacity is low. (-10% MP)
                  | [potion of mutation]
102929 | D:6      | Lost mutation: Your system is resistant to poisons. (rPois)
                  | [potion of mutation]
102929 | D:6      | Lost mutation: You are clumsy. (Dex -2) [potion of
                  | mutation]
102929 | D:6      | Lost mutation: You occasionally lose the ability to read
                  | scrolls when taking damage. [potion of mutation]
102929 | D:6      | Gained mutation: You are very dopey. (Int -4) [potion of
                  | mutation]
102929 | D:6      | Gained mutation: You are robust. (+10% HP) [potion of
                  | mutation]
102929 | D:6      | Gained mutation: You passively map a small area around you.
                  | [potion of mutation]
102943 | D:6      | Bought a scroll of fog for 44 gold pieces
102943 | D:6      | Bought a scroll of teleportation for 33 gold pieces
103407 | Zot:5    | Noticed an ancient lich
103417 | Zot:5    | Got the Orb of Zot
103417 | Zot:5    | Gained mutation: You occasionally lose the ability to read
                  | scrolls when taking damage. [mutagenic glow]
103428 | Zot:5    | Noticed an orb of fire
103449 | Zot:5    | Gained mutation: Potions are less effective at restoring
                  | your health. [an orb of fire]
103483 | Zot:5    | Gained mutation: Your magical capacity is low. (-10% MP)
                  | [mutagenic glow]
103881 | D:7      | Noticed Keas the pandemonium lord
104082 | D:$      | Escaped with the Orb!

Illustrated notes

Levels and vault maps discovered:
D:1:      lightli_arrival_isolated_outpost, layout_basic, due_unseen_surprise
D:2:      layout_basic, fountainhead, minmay_split_cup_small
D:3:      layout_basic, serial_shops, nicolae_shop_peninsula,
          dilly_ecumenical_altar_fadedgnrine, serial_co_window_serial,
          co_window_paths_a, co_window_of_opportunity_a, co_window_corner_a,
          co_window_corner_a, co_window_paths_a, co_window_paths_c,
          co_window_unsneaky_path_b, co_window_2corner, glass_columns_a,
          glass_columns_a, glass_columns_b, glass_columns_c, kennysheep_path_1
D:4:      cheibrodos_helix_gallery, layout_loops_ring,
          mainiacjoe_overflow_paths, nicolae_uskayaw_dance_hall,
          grunt_qazlal_sundering, minmay_temple_entry_statues_pillars,
          gup_sewer_entry_spiral, serial_rivers, chequers_serial_rivers_small_b,
          chequers_serial_rivers_micro_b, chequers_serial_rivers_micro_d,
          chequers_serial_rivers_small_b, chequers_serial_rivers_micro_d,
          chequers_serial_rivers_large_b, minmay_misc_feat_chi, uniq_sigmund,
          uniq_blork_the_orc, uniq_menkaure, uniq_eustachio
D:5:      layout_rooms, chequers_serial_rivers_micro_e, minmay_joined_circles,
          uniq_pikel, uniq_crazy_yiuf_cottage, uniq_grinder
D:6:      layout_cave_pools, mainiacjoe_overflow_alcove_2, serial_shops,
          nicolae_shop_industrial_runoff, shop, nicolae_inconvenience_store,
          nicolae_shop_back_alley_shop, grunt_ministairs_2
D:7:      layout_loops_corners, minmay_misc_feat_diagonals,
          nicolae_concentric_dashed_squares_wild, uniq_maggie, uniq_joseph
D:8:      layout_gridville, mainiacjoe_overflow_24_doors, led_sif_pool,
          mainiacjoe_overflow_cross_hatched, serial_shops, shop,
          nicolae_shop_firing_range, uniq_erica
D:9:      layout_basic, corexii_leaking_fountain, kennysheep_cross_room,
          minivault_16, chequers_serial_rivers_marsh, minmay_misc_feat_rows,
          lightli_wizard_tower
D:10:     layout_basic, xom_butterflies, nicolae_hepliaklqana_hippocampus,
          lightli_temple_of_fire, due_lair_maze_entry_diamond,
          zombieorc1_lemuel, chequers_serial_rivers_micro_a
D:11:     layout_irregular_city, serial_shops,
          nicolae_shop_tiny_real_fake_doors, nicolae_dithmenos_shadow_blocks
D:12:     layout_loops_corners, portal_ice_cave_entry_pillars_2, uniq_josephine
D:13:     layout_basic, serial_shops, nicolae_shop_rolling_square,
          kennysheep_minor_cross, kennysheep_generic_room_15
D:14:     layout_small_grid, erik_vaults_1, amcnicky_mini_pool_small,
          hex_medium, nicolae_twisting_strands
D:15:     hangedman_depths_entry_civil_slaughter, layout_loops_corners,
          bloody_trog, serial_shops, nicolae_shop_hallway_stairs,
          nicolae_shop_crystal, nicolae_lakefront_shop, nicolae_diamond_shop,
          nicolae_shop_statue_plus, uniq_azrael
Temple:   nicolae_temple_panitentiary
Lair:1:   layout_loops_ring, chequers_serial_rivers_micro_a,
          grunt_forest_small_clearings, beast_lair_carwin_2
Lair:2:   layout_loops_ring, minmay_shoals_entry_centaurs,
          small_statue_intersection, uniq_prince_ribbit2
Lair:3:   layout_big_grid, spider_nest_entry_web_field, grunt_megastairs_4
Lair:4:   layout_cave_shapes, hangedman_lair_unloving_vines,
          serial_bayou_pond_e, uniq_nessos, uniq_kirke
Lair:5:   hellmonk_lair_end_abyssal_woods, layout_cave_pods, slime_entry_1,
          gammafunk_ghost_grave, minmay_lair_oklob_bushes
Shoals:1: layout_shoals, uniq_louise, uniq_aizul, uniq_nikola
Shoals:2: layout_shoals, nicolae_shoals_nautilus_by_nature, uniq_polyphemus
Shoals:3: cheibrodos_shoals_satyrical_garden, layout_shoals,
          nicolae_shop_vocational
Shoals:4: shoals_end_grunt_garden, layout_shoals
Spider:1: layout_spider_delve, nicolae_spider_spiderdrome
Spider:2: layout_cave_pods, nicolae_orb_island
Spider:3: layout_spider_delve, uniq_mara
Spider:4: grunt_spider_rune_circles, nzn_ghost_randoct
Orc:1:    layout_caves, uniq_gastronok, uniq_harold, uniq_sonja
Orc:2:    st_orc_mages, layout_caves, nicolae_orc_pool_cavern
Elf:1:    minmay_elf_arrival_plus, layout_onion_city, minivault_28
Elf:2:    elven_hall_of_blades_hangedman_original
          [nicolae_blade_entry_crossed_weapons], layout_geoelf_diagonals,
          nicolae_elf_m_pinch, statue_in_the_mist_lemuel, uniq_donald
Elf:3:    minmay_elf_hall_furrowed, layout_geoelf_grid, serial_shops,
          nicolae_book_shop_shelving, nicolae_shop_rolling_square
Vaults:1: v_misc_25, nicolae_vaults_triangles, v_misc_2, vaults_mumra_minichess,
          nicolae_vaults_heart-shaped_vault, nicolae_vaults_stepped_doors,
          v_misc_16, layout_vaults_omnigrid
Vaults:2: portal_desolation_entry_twin_temple, nicolae_vaults_border_crossing,
          v_rooms_3, nicolae_vaults_stairing_the_circle, not_door_vault_due,
          grunt_vaults_funnel, nicolae_vaults_more_shelving_1, v_misc_27,
          layout_vaults_ring, uniq_asterion
Vaults:3: blue_anna_dwarven_crypt, vaults_room_hallway, v_misc_4, v_misc_3,
          nicolae_vaults_asterisk, vaults_mumra_hex, v_misc_25,
          nicolae_vaults_tetromino_Z_2, kb_rosetta,
          nicolae_vaults_circle_grid_a, ontoclasm_vaults_loading_screen,
          nicolae_vaults_storage_room_statues, hangedman_vaults_cutoff,
          layout_vaults_omnicross, uniq_boris
Vaults:4: nicolae_vaults_tetromino_L_2, v_misc_25, nicolae_vaults_sightless_eye,
          ontoclasm_vaults_chip, vaults_room_stairs_pillars,
          nicolae_vaults_little_squares_2, nicolae_vaults_library_corner,
          nicolae_vaults_apartment_2, nicolae_vaults_asterisk,
          hangedman_vaults_trim, hangedman_vaults_maws,
          nicolae_vaults_yaktaur_gun_rack, nicolae_vaults_tetromino_Z_2,
          vaults_mumra_minichess_inversion, layout_vaults_big_room
Vaults:5: serial_shops
Crypt:1:  layout_misc_corridors, gammafunk_ghost_arena,
          nicolae_crypt_soggy_tomb, nicolae_crypt_little_mausoleum,
          uniq_bai_suzhen
Crypt:2:  layout_gridlike, uniq_margery
Crypt:3:  church_of_pain_bobbens, layout_chaotic_city,
          nicolae_tomb_entry_unfolded_pyramid_orthogonal, basic_altar,
          uniq_zenata
Depths:1: layout_gridville, hangedman_decor_lopped, hellmouth_1,
          minmay_misc_feat_pillars, minmay_misc_feat_encased,
          guppyfry_shop_earth, minmay_shoptagon, uniq_enchantress
Depths:2: lemuel_river_lethe, hell_entry, pan_entry
Depths:3: cell_vault, layout_gridlike, abyss_entry, minmay_hedge_maze,
          hangedman_coc_ice_floe, serial_sigils, serial_sigils_hangedman_stare,
          serial_sigils_hangedman_gut, serial_sigils_hangedman_clutch,
          serial_sigils_hangedman_quiver
Depths:4: evilmike_zot_entry_hall, layout_basic, abyss_entry_flame_altar,
          ashenzari_conservatory_becter, serial_curves, eino_curves_04,
          eino_curves_02, eino_curves_03, eino_curves_02, hell_entry,
          grunt_pan_entry_spiral, serial_bayou_pond_b
Zot:1:    layout_onion_interference
Zot:2:    ebering_klown_carousel, layout_misc_corridors
Zot:3:    layout_concentric_octagons
Zot:4:    layout_twisted_circle, nicolae_lava_and_water
Zot:5:    layout_misc_corridors, grunt_ministairs_2

Skill      XL: |  1  2  3  4  5  6  7  8  9 10 11 12 13 14 15 16 17 18 19 20 21 22 23 24 25 26 |
---------------+-------------------------------------------------------------------------------+-----
Fighting       | 1 2 3 4 5 6 7 8 9 10 11 12 13 14 15 18 | 18.4
Dodging        | 3 4 5 6 7 8 9 11 12 13 14 15 16 18 20 22 23 24 25 27 | 27.0
Stealth        | 1 2 3 4 5 6 8 10 12 13 14 16 17 18 19 20 22 23 25 26 27 | 27.0
Hexes          | 4 5 6 7 8 10 11 12 13 | 13.0
Spellcasting   | 2 3 4 5 6 7 9 10 11 12 13 14 15 16 | 16.0
Ranged Weapons | 3 4 5 6 8 10 11 12 14 15 16 18 19 | 19.3
Fire Magic     | 1 2 3 4 6 |  6.3
Translocations | 3 4 6 8 9 10 12 13 14 16 17 19 20 21 | 21.0
Invocations    | 1 4 5 10 12 13 14 15 | 15.0
Ice Magic      | 1 3 |  3.0
Conjurations   | 1 4 5 |  5.0
Short Blades   | 6 13 14 15 | 15.0
Armour         | 3 4 7 9 10 | 10.8

Action                     |  1- 3 |  4- 6 |  7- 9 | 10-12 | 13-15 | 16-18 | 19-21 | 22-24 | 25-27 || total
---------------------------+-------+-------+-------+-------+-------+-------+-------+-------+-------++-------
  Melee: Arbalest          |       |       |       |       |       |     3 |       |       |       ||     3
         Rapier            |       |       |       |       |       |     7 |     7 |   148 |   326 ||   488
         Kick              |       |       |       |       |       |       |       |    72 |   165 ||   237
         Punch             |       |       |       |       |       |       |       |     3 |     6 ||     9
   Fire: Sling             |    81 |   106 |   326 |   812 |    61 |       |       |       |       ||  1386
         Arbalest          |       |       |       |     3 |   967 |  1716 |  2093 |  2042 |  2250 ||  9071
   Cast: Slow              |    28 |    27 |    61 |    73 |    96 |     9 |     1 |       |       ||   295
         Portal Projectile |       |       |    18 |    60 |   145 |   218 |   196 |   118 |   145 ||   900
         Inner Flame       |       |       |    46 |   157 |    77 |    96 |    98 |    26 |    61 ||   561
         Cause Fear        |       |       |       |    35 |    19 |     6 |    13 |       |       ||    73
         Metabolic Englaci |       |       |       |       |    26 |    62 |    46 |     9 |    16 ||   159
         Dispersal         |       |       |       |       |       |     1 |    18 |     1 |    13 ||    33
         Fulminant Prism   |       |       |       |       |       |       |    40 |    10 |    44 ||    94
         Disjunction       |       |       |       |       |       |       |     7 |    12 |    32 ||    51
         Volatile Blastmot |       |       |       |       |       |       |     1 |    35 |    28 ||    64
         Blink             |       |       |       |       |       |       |       |    11 |       ||    11
 Invoke: Heal Self         |       |       |       |       |     1 |     7 |    14 |     6 |    12 ||    40
         Purification      |       |       |       |       |       |     1 |     3 |       |     2 ||     6
         Divine Vigour     |       |       |       |       |       |       |     1 |       |     3 ||     4
  Evoke: Wand              |       |       |       |       |       |       |     2 |       |       ||     2
    Use: Scroll            |       |     8 |     8 |     9 |     6 |     4 |    10 |     3 |    12 ||    60
         Potion            |       |       |     8 |     2 |       |     1 |     3 |     3 |    16 ||    33
   Stab: Sleeping          |       |       |       |       |       |       |       |       |     3 ||     3
         Distracted        |       |       |       |       |       |       |       |       |     2 ||     2
 Armour: Robe              |     3 |     3 |     6 |     5 |    28 |    88 |    96 |   189 |   190 ||   608
         Troll leather arm |       |       |       |    36 |    24 |       |       |       |       ||    60
  Dodge: Dodged            |    28 |    16 |    69 |   247 |   426 |   807 |  1116 |  1465 |  1768 ||  5942
         Repelled          |       |       |       |       |       |    21 |    25 |     1 |       ||    47

Table legend: (Time is in decaauts)
 A = Elapsed time spent in this place.
 B = Non-inter-level travel time spent in this place.
 C = Inter-level travel time spent in this place.
 D = Time resting spent in this place.
 E = Time spent auto-exploring this place.
 F = Levels seen in this place.
 G = Mean time per level.
                   A        B        C        D        E       F      G
               +--------+--------+--------+--------+--------+-----+--------+
         Total |  82583 |  76642 |   5941 |  15704 |  37451 |  57 | 1448.8 |
       Dungeon |  17895 |  15708 |   2187 |   2401 |   9731 |  15 | 1193.0 |
        Temple |     66 |     58 |      8 |      0 |      0 |   1 |   66.0 |
          Lair |   8760 |   8012 |    748 |   1402 |   4640 |   5 | 1752.0 |
        Shoals |   6739 |   6597 |    142 |   1630 |   3583 |   4 | 1684.8 |
   Spider Nest |   5599 |   5192 |    407 |   1367 |   2233 |   4 | 1399.8 |
  Orcish Mines |   1249 |   1113 |    136 |     54 |    731 |   2 |  624.5 |
   Elven Halls |   5958 |   5680 |    278 |   1474 |   2622 |   3 | 1986.0 |
        Vaults |  12404 |  11694 |    710 |   2576 |   5295 |   5 | 2480.8 |
         Crypt |   3629 |   3391 |    238 |    508 |   1108 |   3 | 1209.7 |
        Depths |   9745 |   9004 |    741 |   2444 |   3009 |   4 | 2436.2 |
           Zot |   5317 |   4975 |    342 |    824 |   2133 |   5 | 1063.4 |
         Abyss |   2245 |   2245 |      0 |    252 |   1255 |   3 |  748.3 |
         Sewer |    608 |    608 |      0 |    156 |    290 |   1 |  608.0 |
      Ice Cave |    199 |    199 |      0 |     37 |     21 |   1 |  199.0 |
    Desolation |   2165 |   2165 |      0 |    574 |    795 |   1 | 2165.0 |
               +--------+--------+--------+--------+--------+-----+--------+

Top non-repeatable levels by time:
Depths:1: 4021 daAuts
Vaults:2: 3131 daAuts
   Elf:3: 2748 daAuts
Vaults:5: 2550 daAuts
Depths:2: 2484 daAuts
    D:10: 2407 daAuts
Vaults:3: 2371 daAuts
 Abyss:1: 2245 daAuts
Vaults:4: 2237 daAuts
  Lair:5: 2228 daAuts
Shoals:4: 2217 daAuts
Desolation: 2165 daAuts
Vaults:1: 2112 daAuts
  Lair:1: 1938 daAuts
    D:15: 1928 daAuts
